 Dungeon Crawl Stone Soup version 0.27-a0-1273-gec92ba881d (webtiles) character file.

Game seed: 1628364997725830625

99 DemonSlayer the Slasher (level 5, -2/42 HPs)
             Began as a Human Chaos Knight on June 11, 2021.
             Was a Plaything of Xom.
             Slain by a gnoll
             ... wielding a +0 halberd
              (6 damage)
             ... on level 3 of the Dungeon.
             The game lasted 00:07:38 (3152 turns).

DemonSlayer the Slasher (Human Chaos Knight)        Turns: 3152, Time: 00:07:39

Health: -2/42      AC:  5    Str: 13    XL:     5   Next: 2%
Magic:  5/5        EV: 11    Int: 13    God:    Xom [..*...]
Gold:   63         SH:  0    Dex: 12    Spells: 4/4 levels left

rFire    . . .     SeeInvis .   a - +0 falchion (chaos)
rCold    . . .     Faith    .   (no shield)
rNeg     . . .     Spirit   .   b - +2 leather armour
rPois    .         Reflect  .   (no helmet)
rElec    .         Harm     .   (no cloak)
rCorr    +         Rampage  .   (no gloves)
Will     .....                  (no boots)
Stlth    +.........             (no amulet)
HPRegen  0.14/turn              f - ring of resist corrosion
MPRegen  0.09/turn              (no ring)

@: no status effects
A: no striking features
a: Renounce Religion


You were on level 3 of the Dungeon.
You worshipped Xom.
You were a toy of Xom.
You visited 1 branch of the dungeon, and saw 3 of its levels.

You collected 63 gold pieces.

Inventory:

Hand Weapons
 a - a +0 falchion of chaos (weapon)
Armour
 b - a +2 leather armour (worn)
Jewellery
 f - a ring of resist corrosion (left hand)
Scrolls
 c - 2 scrolls of blinking
Potions
 d - a potion of brilliance {unknown}


   Skills:
 + Level 3.7 Fighting
 + Level 3.9 Long Blades
 + Level 2.4 Armour
 + Level 1.6 Dodging
 + Level 1.4 Stealth


You had 4 spell levels left.
You didn't know any spells.
Your spell library was empty.

Dungeon Overview and Level Annotations

Branches:
Dungeon (3/15)

Altars:

Annotations:
D:3 Grinder


Message History

You kill the bat!
The rat bites you.
A gnoll shaman comes into view. It is wielding a +0 whip.
The gnoll shaman shouts!
The gnoll closely misses you.
You barely miss the gnoll. The gnoll barely misses you.
A gnoll comes into view. It is wielding a +3 whip.
The rat barely misses you. The gnoll hits you with a +0 halberd.
The gnoll shouts!
You hit the gnoll. You freeze the gnoll.
The gnoll is severely wounded.
The rat bites you but does no damage. The gnoll hits you with a +0 halberd!
You closely miss the gnoll.
The gnoll is severely wounded.
The rat bites you but does no damage. The gnoll closely misses you.
You riposte.
You closely miss the gnoll.
The gnoll is severely wounded.
The gnoll shaman calls upon its god to speed up the gnoll.
The gnoll seems to speed up.
You hit the gnoll but do no damage.
The gnoll is severely wounded.
The rat twitches its whiskers.
The rat bites you but does no damage. The gnoll hits you with a +0 halberd!
A gnoll comes into view. It is wielding a +0 whip.
The rat bites you.
You hit the gnoll but do no damage.
The gnoll is severely wounded.
The gnoll hits you with a +0 halberd!
* * * LOW HITPOINT WARNING * * *
The rat closely misses you.
You riposte.
You hit the rat but do no damage.
The rat is poisoned.
You barely miss the gnoll.
The gnoll is severely wounded.
You kill the rat!
The gnoll closely misses you.
You completely miss the gnoll.
The gnoll is heavily wounded.
The gnoll hits you with a +0 halberd.
You die...
Xom guffaws!

......# *, +,..#.......#** * ,*,
......# * **,..#.......# *,*,
......# **#.#.......## * ......#
#.###......# , ......#########.*
#.#.##.#####.# ..............#.*
#.#.#.........,
................###.#.#..#######
.##...........*#....#.#..# ,
.##...........*#@####.#..#
.##........... #g# #.#..#,
.##........... #g# #.#..# *
.##.....(.....*#g# #.#..# ,
###...........*#.# #.#..########
#........(l.*#g# *,#..........
#........... #.# *,#.#########
############*#.# ,#.........# *
#########.#


You could see a gnoll shaman and 3 gnolls.

Vanquished Creatures
  Terence (D:3)
  4 adders
  2 bats
  An endoplasm (D:2)
  2 giant cockroaches
  3 goblins
  6 hobgoblins
  2 jackals (D:3)
  2 quokkas
  3 ball pythons
  2 frilled lizards
  2 kobolds
  8 rats
38 creatures vanquished.

Notes
Turn   | Place    | Note
-------+----------+-------------------------------------------
     0 | D:1      | DemonSlayer the Human Chaos Knight began the quest for the
                  | Orb.
     0 | D:1      | Reached XP level 1. HP: 18/18 MP: 1/1
   261 | D:1      | You fall into a shaft and drop 1 floor!
   509 | D:2      | Reached XP level 2. HP: 23/24 MP: 2/2
   580 | D:2      | XOM: silly message
   974 | D:2      | Reached XP level 3. HP: 29/29 MP: 3/3
  1027 | D:2      | XOM: silly message
  1218 | D:2      | XOM: divination: detect creatures
  1734 | D:2      | XOM: 3-stop teleportation journey
  1806 | D:2      | XOM: silly message
  1954 | D:3      | Found a faded altar of an unknown god.
  1964 | D:3      | XOM: silly message
  1970 | D:3      | XOM: divination: magic mapping
  1970 | D:3      | Noticed Terence
  1973 | D:3      | Reached XP level 4. HP: 33/36 MP: 4/4
  1983 | D:3      | Killed Terence
  1984 | D:3      | Reached skill level 1 in Stealth
  2603 | D:3      | XOM is BORED!
  2603 | D:3      | XOM: silly message
  2608 | D:3      | XOM: 7-stop teleportation journey
  2746 | D:3      | Noticed Grinder
  2751 | D:3      | Paralysed by Grinder for 7 turns
  2759 | D:3      | XOM: divination: magic mapping
  2760 | D:3      | Paralysed by Grinder for 5 turns
  2761 | D:3      | XOM: enchant monster (bad)
  2766 | D:3      | XOM: confuse monster(s)
  3105 | D:3      | Reached XP level 5. HP: 42/42 MP: 5/5
  3152 | D:3      | Slain by a gnoll

Illustrated notes

Levels and vault maps discovered:
D:1:      grunt_arrival_lava_bath, layout_basic
D:2:      layout_rooms
D:3:      layout_basic, hellmonk_ecumenical_altar_arch_garden, uniq_terence,
          uniq_grinder

Skill      XL: |  1  2  3  4 |
---------------+-------------+-----
Stealth        | 1 |  1.4
Fighting       | |  3.7
Long Blades    | |  3.9
Armour         | |  2.4
Dodging        | |  1.6

Action                   |  1- 3 |  4- 6 || total
-------------------------+-------+-------++-------
Melee: Falchion          |    63 |    58 ||   121
  Use: Scroll            |     1 |     1 ||     2
 Stab: Petrified         |     3 |       ||     3
       Paralysed         |     1 |     5 ||     6
       Sleeping          |       |     1 ||     1
Armor: Leather armour    |    33 |    22 ||    55
Dodge: Dodged            |    51 |    48 ||    99
       Rpst.: Falchion   |    14 |    16 ||    30

Table legend: (Time is in decaauts)
 A = Elapsed time spent in this place.
 B = Non-inter-level travel time spent in this place.
 C = Inter-level travel time spent in this place.
 D = Time resting spent in this place.
 E = Time spent auto-exploring this place.
 F = Levels seen in this place.
 G = Mean time per level.
                   A        B        C        D        E       F      G
               +--------+--------+--------+--------+--------+-----+--------+
         Total |   3166 |   3149 |     17 |   2126 |    584 |   3 | 1055.3 |
       Dungeon |   3166 |   3149 |     17 |   2126 |    584 |   3 | 1055.3 |
               +--------+--------+--------+--------+--------+-----+--------+

Top non-repeatable levels by time:
     D:2: 1699 daAuts
     D:3: 1204 daAuts
     D:1: 262 daAuts
